 Dungeon Crawl Stone Soup version 0.29-a0-925-g0a7a3d12f8 (webtiles) character file.

Game seed: 18023037863431923903

77 concernfroge the Trooper (level 4, -2/39 HPs)
             Began as a Mummy Monk on July 28, 2022.
             Splashed by a jelly's acid (4 damage)
             ... on level 4 of the Dungeon.
             The game lasted 00:07:13 (2115 turns).

concernfroge the Trooper (Mummy Monk)               Turns: 2115, Time: 00:07:13

Health: -2/39      AC: -3    Str: 16    XL:     4   Next: 13%
Magic:  4/4        EV: 11    Int:  9    God:
Gold:   133        SH:  0    Dex: 14    Spells: 3/3 levels left

rFire   x . .      SeeInvis .   a - +0 spear
rCold   + . .      Faith    .   (no shield)
rNeg    + + +      Spirit   .   d - +0 ring mail
rPois   ∞          Reflect  .   (no helmet)
rElec   .          Harm     .   (no cloak)
rCorr   .          Rampage  .   (no gloves)
Will    .....                   (no boots)
Stlth   +.........              (no amulet)
HPRegen 0.13/turn               (no ring)
MPRegen 0.09/turn               (no ring)

@: corroded
A: cold resistance 1, negative energy resistance 3, torment resistance 2, heat
vulnerability 1, in touch with death 1, no potions
a: no special abilities


You were on level 4 of the Dungeon.
You visited 1 branch of the dungeon, and saw 4 of its levels.

You collected 133 gold pieces.

Inventory:

Hand Weapons
 a - a +0 spear (weapon)
 c - a +2 dagger of electrocution
Armour
 d - a +0 ring mail (worn)
Jewellery
 i - a ring of fire
Wands
 g - a wand of flame (16)


   Skills:
 + Level 5.0 Fighting
 - Level 2.4 Polearms
 - Level 2.4 Dodging
 - Level 1.5 Stealth


You had 3 spell levels left.
You didn't know any spells.
Your spell library was empty.

Dungeon Overview and Level Annotations

Branches:
Dungeon (4/15)
 Temple: D:4-7

Altars:
Fedhas

Annotations:
D:3 Grinder


Innate Abilities, Weirdness & Mutations

You are immune to poison.
Your flesh is cold resistant. (rC+)
You are immune to negative energy. (rN+++)
You are immune to unholy pain and torment.
You are vulnerable to heat. (rF-)
You are in touch with the powers of death.
You do not drink.


Message History

There is an entrance to an ossuary on this level.
Hurry and find it before the portal is buried!
Found a sling.
There is a stone staircase leading up here.
You aren't carrying any scrolls.
A jelly comes into view.
Throw: dart (poison)
Press: ? - help, Q - select action, (/) - cycle Shift-Dir - straight line, f - jelly
Aim: a jelly (asleep, 98% to hit)
You throw a poisoned dart. The poisoned dart hits the jelly.
The jelly quivers.
Found 8 gold pieces and a sling.
You reach to attack!
You hit the jelly.
The jelly is lightly wounded.
You hit the jelly. The acid corrodes you!
Your hands burn!
The jelly is moderately wounded.
The jelly barely misses you.
You hit the jelly.
Your hands burn!
The jelly is heavily wounded.
The jelly barely misses you.
You hit the jelly.
Your hands burn!
The jelly is severely wounded.
The jelly hits you.
You are splashed with acid.
You hit the jelly.
Your hands burn!
The jelly is severely wounded.
The jelly hits you. The acid corrodes you!
You are splashed with acid!
* * * LOW HITPOINT WARNING * * *
You aren't carrying any scrolls.
You completely miss the jelly.
The jelly is severely wounded.
The jelly closely misses you.
You hit the jelly but do no damage.
Your hands burn!
* * * LOW HITPOINT WARNING * * *
You punch the jelly.
The jelly is severely wounded.
The jelly completely misses you.
You hit the jelly but do no damage. The acid corrodes you!
Your hands burn!
* * * LOW HITPOINT WARNING * * *
The jelly is severely wounded.
You hit the jelly but do no damage.
Your hands burn!
You die...

#
############.##
#.).....<.....#
#.#####.##.#..#
##.#####........
.........######.
#.######.# #...#
#...##@#
.......J....#
.....##.#....#
###. .....$..# #
?.# #...# ).(.
...# ##.. ...
..# ..


You could see a jelly.

Vanquished Creatures
  Jessica (D:3)
  An adder (D:3)
  A dart slug (D:1)
  2 ball pythons (D:2)
  6 bats
  2 endoplasms
  A giant cockroach (D:1)
  4 hobgoblins
  3 jackals (D:2)
  2 quokkas
  3 frilled lizards
  4 goblins
  5 kobolds
  3 rats
38 creatures vanquished.

Notes
Turn   | Place    | Note
-------+----------+-------------------------------------------
     0 | D:1      | concernfroge the Mummy Monk began the quest for the Orb.
     0 | D:1      | Reached XP level 1. HP: 18/18 MP: 1/1
   121 | D:1      | Found a faded altar of an unknown god.
   354 | D:1      | Reached XP level 2. HP: 24/24 MP: 2/2
   893 | D:2      | Reached skill level 4 in Fighting
   976 | D:3      | Gained mutation: You are in touch with the powers of death.
                  | [Mummy growth]
   976 | D:3      | Reached XP level 3. HP: 3/31 MP: 3/3
  1488 | D:3      | Found a blossoming altar of Fedhas.
  1601 | D:3      | Noticed Jessica
  1605 | D:3      | Killed Jessica
  1606 | D:3      | Reached skill level 5 in Fighting
  1606 | D:3      | Reached XP level 4. HP: 39/39 MP: 4/4
  1817 | D:3      | Noticed Grinder
  1829 | D:3      | Paralysed by Grinder for 3 turns
  1836 | D:3      | Paralysed by Grinder for 4 turns
  1857 | D:3      | Paralysed by Grinder for 5 turns
  1881 | D:3      | Paralysed by Grinder for 5 turns
  2115 | D:4      | Splashed by a jelly's acid

Illustrated notes

Levels and vault maps discovered:
D:1:      dreamdust_arrival_sigmund_warning, layout_basic,
          shapermc_ecumenical_altar_pompeii
D:2:      layout_basic
D:3:      layout_basic, mainiacjoe_overflow_alcove_2, uniq_grinder, uniq_jessica
D:4:      layout_basic, nicolae_ossuary_entry_catacombs, dk_rats_in_the_wall,
          uniq_pikel

Skill      XL: |  1  2  3 |
---------------+----------+-----
Fighting       | 4 5 |  5.0
Polearms       | |  2.4
Dodging        | |  2.4
Stealth        | |  1.5

Action                   |  1- 3 |  4- 6 || total
-------------------------+-------+-------++-------
Melee: Spear             |   121 |    32 ||   153
       Punch             |       |     1 ||     1
Throw: Dart              |    10 |    20 ||    30
  Use: Scroll            |     4 |     3 ||     7
Armor: Robe              |     5 |       ||     5
       Ring mail         |    19 |     4 ||    23
Dodge: Dodged            |    59 |    18 ||    77

Table legend: (Time is in decaauts)
 A = Elapsed time spent in this place.
 B = Non-inter-level travel time spent in this place.
 C = Inter-level travel time spent in this place.
 D = Time resting spent in this place.
 E = Time spent auto-exploring this place.
 F = Levels seen in this place.
 G = Mean time per level.
                   A        B        C        D        E       F      G
               +--------+--------+--------+--------+--------+-----+--------+
         Total |   2110 |   2042 |     68 |    398 |   1244 |   4 |  527.5 |
       Dungeon |   2110 |   2042 |     68 |    398 |   1244 |   4 |  527.5 |
               +--------+--------+--------+--------+--------+-----+--------+

Top non-repeatable levels by time:
     D:3: 1137 daAuts
     D:1: 872 daAuts
     D:2: 83 daAuts
     D:4: 17 daAuts
